 Dungeon Crawl Stone Soup version 0.28-a0-794-gafe8c5f9e9 (webtiles) character file.

Game seed: 7971220472571356416

8390 croobank the Cleaver (level 11, -1/97 HPs)
             Began as a Minotaur Berserker on Nov 5, 2021.
             Was a High Priest of Trog.
             Slain by an orc warrior (13 damage)
             ... on level 1 of the Orcish Mines.
             The game lasted 01:12:50 (7845 turns).

croobank the Cleaver (Minotaur Berserker)           Turns: 7845, Time: 01:12:51

Health: -1/97      AC: 13    Str: 24    XL:     11   Next: 9%
Magic:  10/10      EV: 13    Int:  4    God:    Trog [*****.]
Gold:   649        SH:  0    Dex: 11    Spells: 10/10 levels left

rFire   + . .      SeeInvis .   r - +1 war axe
rCold   + . .      Faith    .   (no shield)
rNeg    . . .      Spirit   .   D - +3 ring mail
rPois   .          Reflect  .   (helmet restricted)
rElec   .          Harm     .   d - +0 cloak
rCorr   .          Rampage  .   (no gloves)
Will    .....                   k - +0 pair of boots
Stlth   +.........              h - amulet of regeneration
HPRegen 1.26/turn               a - ring of protection from fire
MPRegen 0.12/turn               W - ring of protection from cold

@: on berserk cooldown, slowed, very slow
A: horns 2, retaliatory headbutt
a: Renounce Religion, Berserk, Trog's Hand, Brothers in Arms


You were on level 1 of the Orcish Mines.
You worshipped Trog.
Trog was extremely pleased with you.
You visited 3 branches of the dungeon, and saw 12 of its levels.

You collected 649 gold pieces.

Inventory:

Hand Weapons
 n - a +0 hunting sling
 p - a +0 great sword
 q - a +0 flail
 r - a +1 war axe (weapon)
 u - a +0 halberd
 v - a +4 falchion
 C - a +2 mace of protection
 F - a +0 dire flail
 G - a +5 dagger
 H - a +0 scimitar
 I - a +0 vorpal scimitar
 J - a +0 shortbow
 K - a +0 war axe of flaming
 M - a +2 trident of freezing
 O - a +3 vorpal hunting sling
 P - a +1 spectral quarterstaff
Missiles
 b - 3 boomerangs (quivered)
 f - 256 stones
 g - 132 arrows
 i - 47 sling bullets
 w - 76 bolts
 A - a throwing net
Armour
 d - a +0 cloak (worn)
 k - a +0 pair of boots (worn)
 l - a +0 chain mail
 D - a +3 ring mail (worn)
 L - +0 acid dragon scales
 V - a +2 cloak of poison resistance
Jewellery
 a - a ring of protection from fire (left hand)
 h - an amulet of regeneration (around neck)
 W - a ring of protection from cold (right hand)
Wands
 s - a wand of iceblast (5)
 z - a wand of mindburst (5)
 Q - a wand of flame (26)
 R - a wand of charming (4)
Scrolls
 e - 2 scrolls of vulnerability
 y - 4 scrolls of enchant armour
 E - a scroll of enchant weapon
 U - a scroll of holy word
 X - a scroll of brand weapon {unknown}
Potions
 c - 3 potions of curing
 j - a potion of brilliance
 m - 2 potions of flight
 o - a potion of cancellation
 x - a potion of lignification
 N - a potion of degeneration {unknown}
 T - a potion of haste
 Y - a potion of ambrosia {unknown}
 Z - 2 potions of mutation {unknown}


   Skills:
 + Level 9.0 Fighting
 + Level 2.9 Long Blades
 + Level 12.6 Axes
 + Level 4.8 Throwing
 + Level 9.9 Armour
 + Level 5.9 Dodging
 + Level 1.6 Stealth
 + Level 3.9 Evocations


You had 10 spell levels left.
You didn't know any spells.
Your spell library contained the following spells:

 Spells                   Type           Power      Damage    Failure   Level
 Airstrike                Air            0%         N/A       100%        4
 Hailstorm                Conj/Ice       0%         3d3       100%        4
 Ice Form                 Ice/Tmut       0%         N/A       100%        4
 Leda's Liquefaction      Hex/Erth       0%         N/A       100%        4
 Summon Lightning Spire   Summ/Air       0%         N/A       100%        4
 Lee's Rapid Deconstruct  Erth           0%         3d5*      100%        5
 Lightning Bolt           Conj/Air       0%         1d11      100%        5
 Simulacrum               Ice/Necr       0%         N/A       100%        6
 Statue Form              Tmut/Erth      0%         N/A       100%        6
 Chain Lightning          Conj/Air       0%         N/A       100%        9
 Fire Storm               Conj/Fire      0%         5d1       100%        9
 Shatter                  Erth           0%         3d5*      100%        9


Dungeon Overview and Level Annotations

Branches:
Dungeon (9/15)             Temple (1/1) D:6             Orc (2/2) D:9
   Lair: D:8-11         Elf: Orc:2

Altars:
Ashenzari
Cheibriados
Dithmenos
Elyvilon
Fedhas
Gozag
Hepliaklqana
Kikubaaqudgha
Makhleb
Nemelex Xobeh
Okawaru
Qazlal
Ru
Sif Muna
Trog
Uskayaw
Vehumet
Wu Jian
Xom
Yredelemnul
Zin
The Shining One

Annotations:
D:9 3 runed translucent doors, mandarbmax's ghost, journeyman MfSu


Innate Abilities, Weirdness & Mutations

You have a pair of horns on your head.
You reflexively headbutt those who attack you in melee.


Message History

A troll comes into view.
Aiming: Throw Flame
Press: ? - help, Shift-Dir - straight line, f - orc
Aim: an orc, wielding a +0 hand axe and wearing a +0 scale mail (75% to hit)
The puff of flame hits the orc but does no damage.
An orc comes into view. It is wielding a +0 dagger.
Throw: 3 boomerangs
Press: ? - help, Q - select action, (/) - cycle Shift-Dir - straight line, f/p - orc
Aim: an orc, wielding a +0 hand axe and wearing a +0 scale mail (66% to hit)
Okay, then.
You feel better.
The orc shouts!
An ogre comes into view. It is wielding a +0 giant club.
An orc wizard comes into view. It is wielding a +0 dagger.
The orc hits you but does no damage.
The orc wizard casts a spell.
The orc wizard flickers and vanishes!
Deactivating autopickup; reactivate with Ctrl-A.
The orc hits you but does no damage. The orc hits you with a +0 hand axe.
You closely miss the orc. Your headbutt misses the orc.
The orc hits you but does no damage.
You slash the orc!
You kill the orc!
Trog accepts your kill.
You barely miss the troll. Your headbutt misses the troll.
The troll barely misses you. You furiously retaliate!
You headbutt the troll, but do no damage.
The troll closely misses you. The troll claws you but does no damage.
The orc warrior hits you from afar with a +0 halberd!
The troll bites you. The troll claws you.
* * * LOW HITPOINT WARNING * * *
The troll claws you!
* * * LOW HITPOINT WARNING * * *
You fail to use your ability.
The orc warrior hits you from afar with a +0 halberd!
* * * LOW HITPOINT WARNING * * *
The troll bites you but does no damage.
The troll claws you but does no damage. x2
The orc warrior hits you with a +2 broad axe of pain!
You die...

## ##
###.##.#.##
##........>.
#..@........
##T#o{...... #.
#.o.#{......
....#.o##.......
#.......#.......
###.............
#......o.....$
#.....#.......
#.....##.......


You could see a troll, 2 orc warriors and an orc.

Vanquished Creatures
  2 two-headed ogres
  Pikel (D:8)
  An orc sorcerer (Orc:1)
  An ugly thing (D:9)
  Maurice (D:8)
  Joseph (D:7)
  Maggie (D:7)
  A troll (D:9)
  A hornet (D:8)
  A wyvern (D:7)
  Grum (D:8)
  4 yaks (D:9)
  3 wargs
  A water moccasin (D:6)
  6 orc warriors
  3 ice beasts
  The ghost of Randoe the Skirmisher, an amateur MiFi (D:4)
  A black bear (D:6)
  4 centaurs
  4 wolves (D:8)
  4 ogres
  2 lemures (D:8)
  A scorpion (D:5)
  2 water moccasin skeletons
  5 wights (D:7)
  8 howler monkeys
  2 hounds
  3 centaur zombies
  A bullfrog skeleton (D:5)
  2 iguanas (D:4)
  A scorpion zombie (D:5)
  Natasha (thrice) (D:3)
  11 orc wizards
  3 hound skeletons
  Robin (D:3)
  3 adders
  A shadow imp (D:6)
  A white imp (D:5)
  2 ufetubi
  3 dart slugs
  35 orcs
  5 bats
  8 endoplasms
  5 giant cockroaches
  16 goblins
  8 hobgoblins
  7 jackals
  8 kobolds
  4 quokkas
  7 ball pythons
  6 frilled lizards
  8 rats
215 creatures vanquished.

Vanquished Creatures (collateral kills)
  An orc priest (Orc:2)
  An orc (Orc:2)
2 creatures vanquished.

Vanquished Creatures (others)
  An ogre (Orc:2)
  2 orcs
3 creatures vanquished.

Grand Total: 220 creatures vanquished

Notes
Turn   | Place    | Note
-------+----------+-------------------------------------------
     0 | D:1      | croobank the Minotaur Berserker began the quest for the
                  | Orb.
     0 | D:1      | Reached XP level 1. HP: 19/19 MP: 0/0
    29 | D:1      | Found a faded altar of an unknown god.
   122 | D:1      | Reached skill level 4 in Axes
   122 | D:1      | Reached XP level 2. HP: 14/27 MP: 1/1
   573 | D:1      | Reached ** piety under Trog
  1024 | D:1      | Reached XP level 3. HP: 33/33 MP: 2/2
  2087 | D:3      | Noticed Robin
  2096 | D:3      | Noticed Natasha
  2097 | D:3      | Killed Robin
  2105 | D:3      | Reached XP level 4. HP: 41/41 MP: 3/3
  2117 | D:3      | Killed Natasha
  2123 | D:3      | Reached skill level 1 in Long Blades
  2280 | D:3      | Reached *** piety under Trog
  2347 | D:3      | Noticed Natasha
  2353 | D:3      | Killed Natasha
  2354 | D:3      | Reached skill level 5 in Fighting
  2354 | D:3      | Reached XP level 5. HP: 48/48 MP: 4/4
  2411 | D:3      | Noticed Natasha
  2426 | D:3      | Killed Natasha
  3003 | D:4      | Reached skill level 5 in Axes
  3007 | D:4      | Reached XP level 6. HP: 56/56 MP: 5/5
  3641 | D:4      | Found a runed translucent gate.
  3641 | D:4      | Found a runed translucent gate.
  3642 | D:4      | Found a runed translucent gate.
  3645 | D:4      | Noticed Randoe's ghost (amateur MiFi)
  3661 | D:4      | Killed Randoe's ghost
  3789 | D:5      | Entered Level 5 of the Dungeon
  3789 | D:5      | Noticed an orc warrior
  3795 | D:5      | Killed an orc warrior
  3797 | D:5      | Reached **** piety under Trog
  3798 | D:5      | Reached XP level 7. HP: 45/61 MP: 6/6
  3799 | D:5      | Reached skill level 6 in Axes
  3799 | D:5      | Reached skill level 5 in Armour
  4238 | D:5      | Reached skill level 7 in Axes
  4400 | D:5      | Reached XP level 8. HP: 70/70 MP: 7/7
  4624 | D:6      | Found a staircase to the Ecumenical Temple.
  4652 | Temple   | Entered the Ecumenical Temple
  4983 | D:6      | Reached skill level 1 in Throwing
  5026 | D:6      | Reached skill level 8 in Axes
  5441 | D:7      | Noticed Maggie
  5454 | D:7      | Killed Maggie
  5455 | D:7      | Reached skill level 9 in Axes
  5455 | D:7      | Reached skill level 1 in Evocations
  5461 | D:7      | Reached XP level 9. HP: 51/78 MP: 8/8
  5957 | D:7      | Noticed Joseph
  5970 | D:7      | Killed Joseph
  5971 | D:7      | Reached skill level 10 in Axes
  6139 | D:7      | Reached skill level 1 in Stealth
  6178 | D:7      | Found an iron altar of Okawaru.
  6212 | D:8      | Noticed Grum
  6226 | D:8      | Killed Grum
  6348 | D:8      | Reached skill level 5 in Dodging
  6411 | D:8      | Reached skill level 11 in Axes
  6531 | D:8      | Found a radiant altar of Vehumet.
  6531 | D:8      | Found a stormy altar of Qazlal.
  6532 | D:8      | Found a shimmering altar of Xom.
  6625 | D:8      | Noticed Pikel
  6633 | D:8      | Killed Pikel
  6634 | D:8      | Reached XP level 10. HP: 73/88 MP: 9/9
  6682 | D:8      | Noticed a two-headed ogre
  6688 | D:8      | Killed a two-headed ogre
  6688 | D:8      | Noticed Maurice
  6727 | D:8      | Killed Maurice
  6727 | D:8      | Reached ***** piety under Trog
  6915 | D:9      | Found a runed translucent gate.
  6915 | D:9      | Found a runed translucent gate.
  6915 | D:9      | Found a runed translucent gate.
  7054 | D:9      | Reached skill level 12 in Axes
  7083 | D:9      | Noticed mandarbmax's ghost (journeyman MfSu)
  7113 | D:9      | Noticed a two-headed ogre
  7128 | D:9      | Killed a two-headed ogre
  7241 | D:9      | Noticed a green ugly thing
  7251 | D:9      | Killed a green ugly thing
  7432 | D:9      | Found a staircase to the Orcish Mines.
  7481 | Orc:1    | Entered Level 1 of the Orcish Mines
  7481 | Orc:1    | Noticed an orc sorcerer
  7483 | Orc:1    | Noticed a sixfirhy
  7485 | Orc:1    | Noticed a smoke demon
  7494 | Orc:1    | Killed an orc sorcerer
  7498 | Orc:1    | Reached XP level 11. HP: 63/95 MP: 10/10
  7779 | Orc:2    | Entered Level 2 of the Orcish Mines
  7845 | Orc:1    | Slain by an orc warrior

Illustrated notes

Levels and vault maps discovered:
D:1:      ncdulo_smallfort, layout_basic, hellmonk_ecumenical_altar_heavens_door
D:2:      layout_basic, hangedman_abyss_or_decor_lesser_grid
D:3:      layout_loops_ring, fountainhead, minmay_box_of_dots, uniq_robin,
          uniq_natasha
D:4:      layout_loops_corners, ebering_ghost_rock_garden, bh_walls_and_bars
D:5:      layout_gridville, serial_park_tiny_pond
D:6:      layout_rooms, minmay_temple_entry_large_hall
D:7:      layout_basic, kennysheep_okawaru_gauntlet, uniq_maggie, uniq_joseph
D:8:      layout_loops_ring, gammafunk_temple_overflow_claw, uniq_grum,
          uniq_maurice, uniq_pikel
D:9:      layout_basic, minmay_orc_entry_guard_dogs, gammafunk_ghost_icy,
          minmay_holes, water_boxes_lemuel
Temple:   regret_index_temple_mists
Orc:1:    layout_caves, portal_ice_cave_entry_pillars_1
Orc:2:    st_orc_town, layout_caves

Skill      XL: |  1  2  3  4  5  6  7  8  9 10 11 |
---------------+----------------------------------+-----
Axes           | 4 5 7 9 11 12 | 12.6
Fighting       | 4 5 6 7 8 9 |  9.0
Armour         | 3 4 6 7 8 9 |  9.9
Long Blades    | 1 2 |  2.9
Dodging        | 3 4 5 |  5.9
Throwing       | 2 3 4 |  4.8
Evocations     | 1 3 |  3.9
Stealth        | 1 |  1.6

Action                   |  1- 3 |  4- 6 |  7- 9 | 10-12 || total
-------------------------+-------+-------+-------+-------++-------
Melee: Hand axe          |    85 |       |       |       ||    85
       Headbutt          |    12 |    13 |    48 |    32 ||   105
       Great sword       |    14 |    67 |       |       ||    81
       War axe           |       |    70 |   191 |   116 ||   377
Throw: Boomerang         |       |     3 |    40 |    35 ||    78
Invok: Berserk           |       |     2 |     2 |     6 ||    10
Evoke: Wand              |       |       |     9 |    16 ||    25
  Use: Scroll            |       |     7 |     3 |     2 ||    12
       Potion            |       |     1 |       |     4 ||     5
Armor: Animal skin       |    11 |       |       |       ||    11
       Chain mail        |    24 |    92 |    40 |       ||   156
       Ring mail         |       |       |    61 |    44 ||   105
Dodge: Dodged            |    61 |    63 |    99 |    87 ||   310

Table legend: (Time is in decaauts)
 A = Elapsed time spent in this place.
 B = Non-inter-level travel time spent in this place.
 C = Inter-level travel time spent in this place.
 D = Time resting spent in this place.
 E = Time spent auto-exploring this place.
 F = Levels seen in this place.
 G = Mean time per level.
                   A        B        C        D        E       F      G
               +--------+--------+--------+--------+--------+-----+--------+
         Total |   8087 |   7881 |    206 |    822 |   4916 |  12 |  673.9 |
       Dungeon |   7473 |   7305 |    168 |    772 |   4698 |   9 |  830.3 |
        Temple |    222 |    199 |     23 |      0 |    125 |   1 |  222.0 |
  Orcish Mines |    392 |    378 |     14 |     50 |     93 |   2 |  196.0 |
               +--------+--------+--------+--------+--------+-----+--------+

Top non-repeatable levels by time:
     D:1: 1277 daAuts
     D:4: 1034 daAuts
     D:7: 987 daAuts
     D:5: 855 daAuts
     D:3: 805 daAuts
     D:2: 763 daAuts
     D:8: 713 daAuts
     D:9: 583 daAuts
     D:6: 453 daAuts
   Orc:1: 344 daAuts
  Temple: 222 daAuts
   Orc:2: 47 daAuts
